 Dungeon Crawl Stone Soup version 0.28-a0-674-gdaf460b524 (webtiles) character file.

Game seed: 7363300559511775441

3 demibob the Sneak (level 1, 0/23 HPs)
             Began as a Gnoll Wanderer on Oct 17, 2021.
             Slain by an orc (15 damage)
             ... on level 2 of the Dungeon.
             The game lasted 00:00:23 (356 turns).

demibob the Sneak (Gnoll Wanderer)                   Turns: 356, Time: 00:00:24

Health: 0/23       AC:  5    Str: 11    XL:     1   Next: 50%
Magic:  1/1        EV: 11    Int: 10    God:
Gold:   51         SH:  0    Dex: 12    Spells: 0/0 levels left

rFire   . . .      SeeInvis .   a - +0 short sword
rCold   . . .      Faith    .   (no shield)
rNeg    . . .      Spirit   .   b - +2 leather armour
rPois   .          Reflect  .   (no helmet)
rElec   .          Harm     .   (no cloak)
rCorr   .          Rampage  .   (no gloves)
Will    .....                   (no boots)
Stlth   +++.......              (no amulet)
HPRegen 0.07/turn               (no ring)
MPRegen 0.07/turn               (no ring)

@: no status effects
A: fangs 1, strong nose, distributed training
a: no special abilities


You were on level 2 of the Dungeon.
You visited 1 branch of the dungeon, and saw 2 of its levels.

You collected 51 gold pieces.


Innate Abilities, Weirdness & Mutations

You have very sharp teeth.
Your uncanny sense of smell can sniff out nearby items.
Your experience applies equally to all skills.


   Skills:
 + Level 6.4 Fighting
 + Level 0.0 Short Blades
 + Level 2.3 Long Blades
 + Level 0.0 Axes
 + Level 0.0 Maces & Flails
 + Level 0.0 Polearms
 + Level 0.0 Staves
 + Level 0.0 Slings
 + Level 0.0 Bows
 + Level 0.0 Crossbows
 + Level 2.3 Throwing
 + Level 0.0 Armour
 + Level 2.3 Dodging
 + Level 7.7 Stealth
 + Level 0.0 Shields
 + Level 0.0 Unarmed Combat
 + Level 0.0 Spellcasting
 + Level 0.0 Conjurations
 + Level 0.0 Hexes
 + Level 0.0 Summonings
 + Level 0.0 Necromancy
 + Level 0.0 Translocations
 + Level 0.0 Transmutations
 + Level 0.0 Fire Magic
 + Level 0.0 Ice Magic
 + Level 0.0 Air Magic
 + Level 0.0 Earth Magic
 + Level 0.0 Poison Magic
 + Level 0.1 Invocations
 + Level 0.0 Evocations


You couldn't memorise any spells.
You didn't know any spells.
Your spell library was empty.

Inventory:

Hand Weapons
 a - a +0 short sword (weapon)
 d - a +0 dagger
Armour
 b - a +2 leather armour (worn)
Scrolls
 c - a scroll of teleportation {@r2}
 e - a scroll of identify {unknown}

Dungeon Overview and Level Annotations

Branches:
Dungeon (1/15)

Altars:

.#.# .#.# ##.#######
##........ ......>...
..########## ..# #...#
#######.#
..######)..#####........
..'....'...'....@o.....#
..######...####......<.#
### #...# #........#
##### #........#
#........# #.########
... ...


You could see an orc.


Message History

There is an open door here.
You now have 36 gold pieces (gained 18).
There is a stone staircase leading down here.
You open the large door.
There is a large open door here.
There is a large open door here.
You open the door.
Found 15 gold pieces.
There is an open door here.
You see here 17 sling bullets.
You now have 51 gold pieces (gained 15).
You open the door.
There is an open door here.
You open the door.
Found a hand axe and a scroll labelled PESOGUIGAL.
There is an open door here.
e - a scroll labelled PESOGUIGAL You open the door.
There is an open door here.
An orc comes into view.
It is wielding a +0 whip of electrocution.
An orc is nearby!
Found an escape hatch in the ceiling.
The orc shouts!
The orc hits you with a +0 whip of electrocution.
You hit the orc.
The orc is lightly wounded.
The orc hits you with a +0 whip of electrocution.
You are electrocuted!
Ouch! That really hurt!
You die...

Action                   || total
-------------------------++-------
Melee: Short sword       ||    13
       Bite              ||     1
 Stab: Sleeping          ||     1
Armor: Leather armour    ||     8
Dodge: Dodged            ||     3

Levels and vault maps discovered:
D:1:      matt_arrival_refuge, layout_basic,
          hellmonk_ecumenical_altar_crossroads
D:2:      layout_basic, uniq_jessica

Notes
Turn   | Place    | Note
-------+----------+-------------------------------------------
     0 | D:1      | demibob the Gnoll Wanderer began the quest for the Orb.
     0 | D:1      | demibob set off with the following items: a +0 short sword,
                  | a +2 leather armour, a scroll of teleportation {@r2}, a +0
                  | dagger
     0 | D:1      | Reached XP level 1. HP: 23/23 MP: 1/1
    70 | D:1      | You fall into a shaft and drop 1 floor!
   356 | D:2      | Slain by an orc

Vanquished Creatures
  A goblin (D:2)
  A kobold (D:2)
  A rat (D:2)
3 creatures vanquished.

Table legend: (Time is in decaauts)
 A = Elapsed time spent in this place.
 B = Non-inter-level travel time spent in this place.
 C = Inter-level travel time spent in this place.
 D = Time resting spent in this place.
 E = Time spent auto-exploring this place.
 F = Levels seen in this place.
 G = Mean time per level.
                   A        B        C        D        E       F      G
               +--------+--------+--------+--------+--------+-----+--------+
         Total |    357 |    357 |      0 |      0 |    304 |   2 |  178.5 |
       Dungeon |    357 |    357 |      0 |      0 |    304 |   2 |  178.5 |
               +--------+--------+--------+--------+--------+-----+--------+

Top non-repeatable levels by time:
     D:2: 287 daAuts
     D:1: 70 daAuts

Table legend:
 A = Non-vault XP
 B = Vault XP
 C = Vault XP percentage of total XP
 D = Non-vault monster count
 E = Vault monster count
 F = Vault count percentage of total count
                 A         B        C        D         E       F
            +---------+---------+-------+---------+---------+-------
      Total |       5 |       0 |   0.0 |       3 |       0 |   0.0
            +---------+---------+-------+---------+---------+-------
        D:2 |       5 |       0 |   0.0 |       3 |       0 |   0.0
            +---------+---------+-------+---------+---------+-------
